 Dungeon Crawl Stone Soup version 0.30.1 (webtiles) character file.

Game seed: 4591998810747210692

12 Arctor the Insei (level 2, 0/15 (18) HPs)
             Began as an Octopode Transmuter on July 9, 2023.
             Slain by a kobold
             ... wielding a +0 dagger of draining
              (1 damage)
             ... on level 1 of the Dungeon.
             The game lasted 00:00:15 (337 turns).

Arctor the Insei (Octopode Transmuter)               Turns: 337, Time: 00:00:15

HP:   0/15 (18)     AC:  1    Str:  9    XL:     2   Next: 33%
MP:   5/5           EV: 13    Int: 15    God:
Gold: 28            SH:  0    Dex: 12    Spells: 4/5 levels left

rFire   . .          .
                       - Unarmed
rCold   . . .        (no shield)
rNeg    . . .        (helmet restricted)
rPois   .            (no amulet)
rElec   .            (no ring)
rCorr   .            (no ring)
SInv    .            (no ring)
Will    .....        (no ring)
Stlth   ++           (no ring)
HPRegen 0.22/turn    (no ring)
MPRegen 0.09/turn    (no ring)
                     (no ring)

%: no passive effects
@: heavily drained
A: almost no armour, amphibious, 8 rings, camouflage 1, gelatinous body 1,
(nimble swimmer 1), tentacles
a: no special abilities


You were on level 1 of the Dungeon.
You visited 1 branch of the dungeon, and saw 1 of its levels.

You collected 28 gold pieces.

Inventory:

Scrolls
 b - a scroll of noise {unknown}
 c - 2 scrolls of identify {unknown}
Potions
 a - a potion of lignification


   Skills:
 + Level 1.3 Fighting
 + Level 2.2 Dodging
 + Level 3.1 Unarmed Combat
 + Level 2.1 Spellcasting
 + Level 2.2 Transmutations


You had 4 spell levels left.
You knew the following spells:

 Your Spells              Type           Power      Damage    Failure   Level
a - Beastly Appendage     Tmut           16%        N/A       9%          1

Your spell library contained the following spells:

 Spells                   Type           Power      Damage    Failure   Level
 Wereblood                Tmut           8%         N/A       14%         2
 Spider Form              Tmut/Pois      4%         N/A       38%         3
 Ice Form                 Ice/Tmut       4%         N/A       80%         4


Dungeon Overview and Level Annotations

Branches:
Dungeon (1/15)

Altars:


Innate Abilities, Weirdness & Mutations

You cannot wear most types of armour.
You are amphibious.
You can wear up to eight rings at the same time.
Your skin changes colour to match your surroundings (Stealth+).
Your rubbery body absorbs attacks. (AC +1, EV +1)
((You are camouflaged when in or above water. (Stealth+)))
You have tentacles for arms and can constrict up to eight enemies at once.


Message History

Your tentacle spike misses the giant cockroach.
The giant cockroach is heavily wounded.
You hear a shout!
The giant cockroach barely misses you.
You tentacle-slap the giant cockroach.
You kill the giant cockroach!
You tentacle-slap the goblin.
You kill the goblin!
Found a leather armour.
Things that are here:
a +0 dagger; a goblin corpse A kobold comes into view.
It is wielding a +0 club.
Found a book of Rime.
The kobold hits you with a +0 dagger of draining.
You feel drained.
An endoplasm comes into view.
You closely miss the kobold. Your grab misses the kobold.
You pierce the kobold, but do no damage.
The kobold hits you with a +0 dagger of draining.
You feel drained. The kobold hits you with a +0 club.
You closely miss the kobold. Your grab misses the kobold.
Your tentacle spike misses the kobold.
The kobold misses you. The kobold hits you with a +0 club.
You are too injured to fight recklessly!
You are too injured to fight recklessly!
You are too injured to fight recklessly!
You are too injured to fight recklessly!
Unknown command.
The kobold hits you with a +0 club.
* * * LOW HITPOINT WARNING * * *
Things that are here:
a +0 dagger; a goblin corpse You barely miss the kobold.
Your grab misses the kobold.
Your tentacle spike disappears.
You tentacle-slap the kobold. Your grab misses the kobold.
The kobold is moderately wounded.
The kobold hits you with a +0 dagger of draining.
* * * LOW HITPOINT WARNING * * *
You feel drained.
You die...

.#.. :.
#..#....#! ...
#..#.....# ..[.
#..#.....##....
#..#...g#?[#...
#...#..#....#..
#...#.#......#.
#...#KK......#
#...@##....##.
##.#...####...
#.###...?. .
#..####### ##..#
##.#
#.############.#
#)..............
########.#####.#.


You could see 2 kobolds.

Vanquished Creatures
  An endoplasm (D:1)
  A giant cockroach (D:1)
  2 goblins (D:1)
  2 hobgoblins (D:1)
  2 jackals (D:1)
  A kobold (D:1)
  A rat (D:1)
10 creatures vanquished.

Notes
Turn   | Place    | Note
-------+----------+-------------------------------------------
     0 | D:1      | Arctor the Octopode Transmuter began the quest for the Orb.
     0 | D:1      | Reached XP level 1. HP: 13/13 MP: 3/3
   187 | D:1      | Reached XP level 2. HP: 13/18 MP: 1/5
   337 | D:1      | Slain by a kobold

Illustrated notes

Levels and vault maps discovered:
D:1:      nzn_arrival_crosshair, layout_loops_ring, serial_glass,
          glass_columns_a, glass_columns_a, minmay_circled_x

Action                     || total
---------------------------++-------
  Melee: Unarmed           ||    21
         Tentacles         ||     5
         Constrict         ||     6
         Kick              ||     6
   Cast: Beastly Appendage ||    10
   Stab: Sleeping          ||     1
  Dodge: Dodged            ||    11
